 Dungeon Crawl Stone Soup version 0.30-a0-355-g4c39ff33d3 (webtiles) character file.

Game seed: 4712322811174802988

7713 Harunobu the Covert (level 11, -7/74 HPs)
             Began as a Gargoyle Monk on Nov 8, 2022.
             Was a High Priest of Okawaru.
             Killed from afar by a gargoyle (10 damage)
             ... with a stone arrow
             ... on level 11 of the Dungeon.
             The game lasted 00:22:28 (10356 turns).

Harunobu the Covert (Gargoyle Monk)                Turns: 10356, Time: 00:22:29

Health: -7/74      AC: 25    Str: 19    XL:     11   Next: 19%
Magic:  11/11      EV: 12    Int: 11    God:    Okawaru [*****.]
Gold:   691        SH:  6    Dex: 12    Spells: 10/10 levels left

rFire   + . .      SeeInvis .    L - +3 mace (freeze)
rCold   . . .      Faith    .    R - +0 kite shield
rNeg    + . .      Spirit   .    P - +2 chain mail {rF+}
rPois   ∞          Reflect  .    z - +0 helmet
rElec   +          Harm     .    y - +1 cloak
rCorr   .          Rampage  .    (no gloves)
Will    .....                    (no boots)
Stlth   ++........               (no amulet)
HPRegen 0.32/turn                f - +4 ring of protection
MPRegen 0.12/turn                B - +4 ring of evasion

@: mighty
A: sickness immunity, AC +8, negative energy resistance 1, electricity
resistance, torment resistance 1, petrification resistance
a: Renounce Religion, Heroism, Finesse, Duel


You were on level 11 of the Dungeon.
You worshipped Okawaru.
Okawaru was extremely pleased with you.
You visited 2 branches of the dungeon, and saw 12 of its levels.

You collected 691 gold pieces.

Inventory:

Hand Weapons
 a - a +0 mace
 m - a +0 whip
 E - a +2 hammer of protection
 I - a +3 scimitar
 L - a +3 mace of freezing (weapon)
Missiles
 j - 2 throwing nets (quivered)
Armour
 b - a +0 robe
 p - a +2 ring mail of fire resistance
 y - a +1 cloak (worn)
 z - a +0 helmet (worn)
 P - a +2 chain mail of fire resistance (worn)
 R - a +0 kite shield (worn)
 U - +0 steam dragon scales
 X - a scarf of harm
Jewellery
 f - a +4 ring of protection (left hand)
 n - the ring of Vadghaiwo {Ice rPois MP-9 Int+10}
   (You found it on level 2 of the Dungeon)

   [ring of ice]

   It enhances your ice magic.
   Int:       It affects your intelligence (+10).
   rF:        It makes you vulnerable to fire.
   rC:        It protects you from cold.
   rPois:     It protects you from poison.
   MP:        It affects your magic capacity (-9).
 u - a ring of resist corrosion
 B - a +4 ring of evasion (right hand)
 K - a ring of positive energy
 N - a +4 ring of evasion
 O - an amulet of reflection
 V - a ring of protection from fire
Wands
 D - a wand of paralysis (5)
 F - a wand of light (17)
 J - a wand of polymorph (6)
 M - a wand of mindburst (12)
Scrolls
 d - 3 scrolls of enchant armour {unknown}
 e - 4 scrolls of fear {unknown}
 k - 2 scrolls of noise {unknown}
 l - 2 scrolls of butterflies {unknown}
 o - 5 scrolls of vulnerability {unknown}
 r - 2 scrolls of immolation {unknown}
 s - 9 scrolls of teleportation {unknown}
 t - 5 scrolls of enchant weapon {unknown}
 v - 8 scrolls of identify {unknown}
 w - a scroll of amnesia {unknown}
 x - 3 scrolls of poison {unknown}
 H - 3 scrolls of magic mapping {unknown}
 S - a scroll of brand weapon {unknown}
 T - a scroll of blinking {unknown}
 W - 2 scrolls of summoning {unknown}
Potions
 c - 3 potions of ambrosia
 g - 2 potions of curing
 h - 2 potions of cancellation {unknown}
 i - a potion of berserk rage {unknown}
 q - 4 potions of lignification {unknown}
 A - a potion of resistance {unknown}
 Q - 2 potions of attraction {unknown}
 Y - 2 potions of degeneration {unknown}


   Skills:
 + Level 11.2 Fighting
 - Level 3.0 Maces & Flails
 + Level 8.7 Dodging
 + Level 11.9 Stealth


You had 10 spell levels left.
You didn't know any spells.
Your spell library contained the following spells:

 Spells                   Type           Power      Damage    Failure   Level
 Blink                    Tloc           0%         N/A       100%        2
 Ensorcelled Hibernation  Hex/Ice        0%         N/A       100%        2
 Momentum Strike          Conj/Tloc      0%         3d8       100%        2
 Poisonous Vapours        Pois/Air       0%         N/A       100%        2
 Dazzling Flash           Conj/Hex       0%         N/A       100%        3
 Hailstorm                Conj/Ice       0%         3d3       100%        3
 Lesser Beckoning         Tloc           0%         N/A       100%        3
 Mephitic Cloud           Conj/Pois/Air  0%         N/A       100%        3
 Spider Form              Tmut/Pois      0%         N/A       100%        3
 Vhi's Electric Charge    Tloc/Air       0%         N/A       100%        3
 Anguish                  Hex/Necr       0%         N/A       100%        4
 Ice Form                 Ice/Tmut       0%         N/A       100%        4
 Agony                    Necr           0%         N/A       100%        5
 Arcjolt                  Conj/Air       0%         1d10      100%        5
 Fireball                 Conj/Fire      0%         3d3       100%        5
 Iskenderun's Battlesphe  Conj           0%         2d6       100%        5
 Silence                  Hex/Air        0%         N/A       100%        5
 Conjure Ball Lightning   Conj/Air       0%         3x3d7     100%        6
 Orb of Destruction       Conj           0%         9d5       100%        7
 Maxwell's Capacitive Co  Air            0%         ∞         100%        8
 Cigotuvi's Dreadful Rot  Necr/Pois/Air  Unusable   N/A       N/A         2
 Summon Guardian Golem    Hex/Summ       Unusable   N/A       N/A         3
 Simulacrum               Ice/Necr       Unusable   N/A       N/A         6
 Spellforged Servitor     Conj/Summ      Unusable   N/A       N/A         7

Dungeon Overview and Level Annotations

Branches:
Dungeon (11/15)            Temple (1/1) D:4            Lair (0/5) D:10
    Orc: D:9-12

Altars:
Ashenzari
Dithmenos
Elyvilon
Fedhas
Gozag
Hepliaklqana
Kikubaaqudgha
Makhleb
Nemelex Xobeh
Okawaru
Qazlal
Ru
Sif Muna
Trog
Uskayaw
Vehumet
Wu Jian
Xom
Yredelemnul
Zin
The Shining One

Shops:
D:10 *

Annotations:
D:5 1 runed translucent door
D:11 2 transporters


Innate Abilities, Weirdness & Mutations

You are immune to sickness and miasma.
Your stone body is resilient. (AC +8)
You are immune to poison.
You resist negative energy. (rN+)
You are resistant to electric shocks. (rElec)
You are resistant to unholy torment.
You are immune to petrification.


Message History

Something bites you but does no damage.
You closely miss something.
You feel less confused.
The gargoyle hurls a stone arrow at you.
The stone arrow hits you!!
* * * LOW HITPOINT WARNING * * *
Something hits you but does no damage. Something bites you but does no damage.
It was a potion of curing.
You feel better.
You hear some strange, mumbled words.
Something tries to affect you, but you resist.
You block the gargoyle's attack.
You feel better.
You hear some strange, mumbled words.
Something tries to affect you, but you resist.
The gargoyle closely misses you.
You feel very mighty all of a sudden.
The gargoyle hits you but does no damage.
Something hits you but does no damage. Something bites you but does no damage.
You thump something! Okawaru accepts your kill.
Reactivating autopickup.
You feel a bit more experienced. The gargoyle hits you with a +0 mace.
* * * LOW HITPOINT WARNING * * *
You block the gargoyle's attack. You block the gargoyle's attack.
Things that are here:
a +1 dagger of holy wrath; a +0 robe You sock the gargoyle!
You freeze the gargoyle.
The gargoyle is heavily damaged.
The gargoyle hits you with a +0 mace.
* * * LOW HITPOINT WARNING * * *
You hit the gargoyle but do no damage.
The gargoyle is heavily damaged.
The gargoyle misses you. The gargoyle hits you with a +0 mace!
* * * LOW HITPOINT WARNING * * *
You hit the gargoyle but do no damage.
The gargoyle is heavily damaged.
The gargoyle hurls a stone arrow at you.
The stone arrow hits you!
You die...

#.#..#...# ##.#...#.#
...#....# ###......#
##.....#..# #
#.#.#.....##########
#!#
#.#..#............#
#..##9.#.............#
#..@...............#
###.#...#..........#
........#.........#
........#..........
.#####...#........<#
.. #...#.........# ..
...#.......... #.
.#.....##### #.......


You could see a gargoyle.

Vanquished Creatures
  A troll (D:10)
  A komodo dragon (D:10)
  A hornet (D:8)
  3 slime creatures (D:10)
  2 wyverns
  A wraith (D:9)
  9 yaks (D:9)
  A vampire (D:11)
  A steam dragon (D:9)
  A vampire mosquito (D:9)
  Menkaure (D:7)
  An acid dragon (D:10)
  3 water moccasins
  4 orc warriors
  A sky beast (D:8)
  An ogre (D:5)
  4 centaurs
  3 phantoms
  A kobold brigand (D:7)
  A gnoll sergeant (D:7)
  2 bullfrogs
  3 necrophages
  5 scorpions
  12 wights
  9 killer bees
  4 howler monkeys
  A crimson imp (D:6)
  4 hounds
  A human zombie (D:5)
  5 orc priests
  Crazy Yiuf (D:5)
  Jessica (D:2)
  A human skeleton (D:5)
  An iguana (D:6)
  7 orc wizards
  5 gnolls (D:7)
  4 adders
  4 white imps
  2 ufetubi
  A worm (D:2)
  18 orcs
  5 bats (D:1)
  5 endoplasms
  3 giant cockroaches
  10 goblins
  7 hobgoblins
  2 jackals (D:2)
  3 quokkas
  4 ball pythons
  14 kobolds
  4 rats
189 creatures vanquished.

Notes
Turn   | Place    | Note
-------+----------+-------------------------------------------
     0 | D:1      | Harunobu the Gargoyle Monk began the quest for the Orb.
     0 | D:1      | Reached XP level 1. HP: 14/14 MP: 1/1
   173 | D:1      | Reached XP level 2. HP: 19/19 MP: 2/2
   431 | D:1      | Reached XP level 3. HP: 20/24 MP: 3/3
   715 | D:2      | Found a faded altar of an unknown god.
   719 | D:2      | Identified the ring of Vadghaiwo {Ice rPois MP-9 Int+10}
  1084 | D:2      | Noticed Jessica
  1103 | D:2      | Killed Jessica
  1104 | D:2      | Reached XP level 4. HP: 7/29 MP: 0/4
  1427 | D:2      | Reached XP level 5. HP: 10/34 MP: 0/5
  2007 | D:3      | Noticed an ogre
  2123 | D:4      | Found a staircase to the Ecumenical Temple.
  2293 | D:5      | Entered Level 5 of the Dungeon
  2489 | D:5      | Found a runed translucent door.
  2489 | D:5      | Noticed a human
  2489 | D:5      | Noticed a centaur
  2490 | D:5      | Found a basalt altar of Yredelemnul.
  2525 | D:5      | Reached XP level 6. HP: 34/40 MP: 6/6
  2586 | D:5      | Reached skill level 5 in Fighting
  2657 | D:5      | Noticed a water moccasin
  2690 | D:5      | Killed a water moccasin
  2691 | D:5      | Reached skill level 5 in Stealth
  2704 | D:5      | Reached XP level 7. HP: 33/44 MP: 7/7
  2900 | D:5      | Found an ancient bone altar of Kikubaaqudgha.
  3310 | D:5      | Found a runed translucent door.
  3311 | D:5      | Noticed Crazy Yiuf
  3319 | D:5      | Killed Crazy Yiuf
  3404 | Temple   | Entered the Ecumenical Temple
  3411 | Temple   | Became a worshipper of Warmaster Okawaru
  3411 | Temple   | Reached * piety under Okawaru
  3411 | Temple   | Reached ** piety under Okawaru
  3706 | D:6      | Reached XP level 8. HP: 52/52 MP: 8/8
  3749 | D:6      | Reached skill level 5 in Dodging
  4801 | D:7      | Found a bloodstained altar of Trog.
  4837 | D:7      | Reached *** piety under Okawaru
  4854 | D:7      | Reached XP level 9. HP: 46/58 MP: 9/9
  5475 | D:7      | Found a white marble altar of Elyvilon.
  6058 | D:7      | Reached **** piety under Okawaru
  6161 | D:7      | Noticed Menkaure
  6169 | D:7      | Killed Menkaure
  6317 | D:8      | Reached XP level 10. HP: 63/66 MP: 10/10
  6514 | D:8      | Reached skill level 10 in Stealth
  7071 | D:8      | Reached ***** piety under Okawaru
  7327 | D:9      | Found a glowing golden altar of the Shining One.
  7692 | D:9      | Found an ornate altar of the Wu Jian Council.
  7729 | D:9      | Found a stormy altar of Qazlal.
  7795 | D:9      | Reached skill level 10 in Fighting
  8467 | D:9      | Found a hazy altar of Hepliaklqana.
  8506 | D:9      | Found a sparkling altar of Nemelex Xobeh.
  8508 | D:9      | Found a glowing silver altar of Zin.
  8509 | D:9      | Found a blossoming altar of Fedhas.
  8660 | D:10     | Entered Level 10 of the Dungeon
  8665 | D:10     | Found Sinioklu's Assorted Antiques.
  8725 | D:10     | Found a staircase to the Lair.
  8763 | D:10     | Noticed a two-headed ogre
  8888 | D:10     | Noticed a two-headed ogre
  8889 | D:10     | Noticed a two-headed ogre
  9015 | D:10     | Noticed a two-headed ogre
  9035 | D:9      | Received a gift from Okawaru
  9385 | D:10     | Reached XP level 11. HP: 43/73 MP: 9/11
  9560 | D:10     | HP: 2/74 [komodo dragon (11)]
  9896 | D:11     | Found a transporter.
  9901 | D:11     | Found a transporter.
 10355 | D:11     | HP: 2/74 [gargoyle/+0 mace (12)]
 10356 | D:11     | Killed from afar by a gargoyle

Illustrated notes

Levels and vault maps discovered:
D:1:      minmay_arrival_stone_box, layout_basic, kennysheep_crisscross,
          hex_intersection
D:2:      layout_rooms, ebering_ecumenical_altar_sacrificial,
          minmay_goblin_outpost, uniq_jessica
D:3:      layout_rooms
D:4:      layout_basic, kennysheep_slug_shrine,
          minmay_temple_entry_from_below_a, serial_glass, glass_columns_a,
          glass_columns_b, nicolae_figureground_sparkle, uniq_edmund
D:5:      layout_basic, dk_yredelemnul_ordeal, amcnicky_altar_gilded,
          uniq_crazy_yiuf_cottage
D:6:      layout_loops_corners, minmay_fire_ice_demons
D:7:      layout_loops_ring, lemuel_crystal_altar, elyvilon_altar_4,
          uniq_menkaure
D:8:      layout_basic
D:9:      layout_long_grid, grunt_temple_overflow_open,
          mainiacjoe_overflow_big_doors, hangedman_feature_mirror
D:10:     hangedman_cross_stitches, layout_cave_pools, serial_shops, shop,
          nrook_pool_corridor
D:11:     gammafunk_boulding_lane, layout_stronghold, orc_0_dummy,
          minmay_increasing_density
Temple:   nicolae_temple_no_exploring_needed

Skill      XL: |  1  2  3  4  5  6  7  8  9 10 11 |
---------------+----------------------------------+-----
Stealth        | 3 4 5 6 7 9 11 | 11.9
Fighting       | 4 5 6 7 9 10 11 | 11.2
Dodging        | 3 4 5 7 8 |  8.7
Maces & Flails | |  3.0

Action                   |  1- 3 |  4- 6 |  7- 9 | 10-12 || total
-------------------------+-------+-------+-------+-------++-------
Melee: Mace              |    74 |       |   410 |   427 ||   911
       Punch             |     2 |     4 |     3 |     3 ||    12
       Whip              |    75 |   215 |   125 |       ||   415
Invok: Heroism           |       |       |       |     5 ||     5
  Use: Potion            |     1 |     1 |       |     5 ||     7
 Stab: Sleeping          |     4 |       |     5 |     6 ||    15
Armor: Robe              |    32 |       |       |       ||    32
       Ring mail         |    27 |    93 |   262 |    71 ||   453
       Chain mail        |       |       |       |   233 ||   233
Dodge: Dodged            |   122 |   100 |   538 |   342 ||  1102
Block: Kite shield       |       |       |       |   135 ||   135

Table legend: (Time is in decaauts)
 A = Elapsed time spent in this place.
 B = Non-inter-level travel time spent in this place.
 C = Inter-level travel time spent in this place.
 D = Time resting spent in this place.
 E = Time spent auto-exploring this place.
 F = Levels seen in this place.
 G = Mean time per level.
                   A        B        C        D        E       F      G
               +--------+--------+--------+--------+--------+-----+--------+
         Total |  10637 |  10074 |    563 |   2981 |   3895 |  12 |  886.4 |
       Dungeon |  10622 |  10065 |    557 |   2981 |   3895 |  11 |  965.6 |
        Temple |     14 |      8 |      6 |      0 |      0 |   1 |   14.0 |
               +--------+--------+--------+--------+--------+-----+--------+

Top non-repeatable levels by time:
     D:9: 2294 daAuts
     D:7: 1548 daAuts
     D:6: 1350 daAuts
     D:5: 1151 daAuts
     D:8: 989 daAuts
    D:10: 849 daAuts
     D:2: 814 daAuts
     D:1: 726 daAuts
     D:3: 508 daAuts
     D:4: 274 daAuts
    D:11: 115 daAuts
  Temple: 14 daAuts
